 Dungeon Crawl Stone Soup version 0.22.1-5-g62c59d919a (webtiles) character file.

1089 Fascinator the Shield-Bearer (level 8, -4/62 HPs)
             Began as a Formicid Fighter on Jan 9, 2019.
             Slain by a wight
             ... wielding a cursed +0 dire flail
              (6 damage)
             ... on level 5 of the Dungeon.
             The game lasted 00:13:46 (4698 turns).

Fascinator the Shield-Bearer (Formicid Fighter)     Turns: 4698, Time: 00:13:46

Health: -4/62      AC: 20    Str: 25    XL:     8   Next: 56%
Magic:  8/8        EV:  8    Int:  9    God:
Gold:   202        SH: 10    Dex: 12    Spells: 7/7 levels left

rFire    . . .     SeeInvis +   q - +2 flail (protect)
rCold    . . .     Gourm    .   c - +0 shield
rNeg     . . .     Faith    .   x - +0 chain mail (curse)
rPois    .         Spirit   .   (helmet unavailable)
rElec    .         Reflect  .   (no cloak)
rCorr    .         Harm     .   o - +1 pair of gloves
MR       .....                  s - +0 pair of boots
Stlth    ..........             (no amulet)
HPRegen  0.20/turn              (no ring)
MPRegen  0.11/turn              (no ring)

@: mighty, protection aura, drained
A: permanent stasis, dig shafts and tunnels, four strong arms, antennae 3
a: Dig, Shaft Self


You were on level 5 of the Dungeon.
You were hungry.

You visited 1 branch of the dungeon, and saw 5 of its levels.

You collected 202 gold pieces.

Inventory:

Hand Weapons
 a - a +0 war axe
 b - a +0 shortbow
 q - a +2 flail of protection (weapon)
Missiles
 m - 127 arrows
 v - 38 bolts
Armour
 c - a +0 shield (worn)
 o - a +1 pair of gloves (worn)
 r - a +0 scale mail
 s - a +0 pair of boots (worn)
 x - a cursed +0 chain mail (worn)
Scrolls
 k - 4 scrolls of identify
 t - 3 scrolls of amnesia
Potions
 e - 2 potions of haste {unknown}
 g - a potion of invisibility
 h - 2 potions of cancellation {unknown}
 i - a potion of flight {unknown}
 j - a potion of curing {unknown}
 l - 2 potions of brilliance {unknown}
 n - 3 potions of degeneration {unknown}
 p - 2 potions of lignification {unknown}
 u - 2 potions of mutation {unknown}
Comestibles
 f - 5 rations


   Skills:
 + Level 5.2(4.7) Fighting
 - Level 4.4(4.7) Axes
 + Level 4.1(4.6) Maces & Flails
 + Level 5.2(4.7) Armour
 + Level 2.7(2.3) Dodging
 + Level 0.6(0.2) Stealth
 + Level 5.8(5.4) Shields


You had 7 spell levels left.
You didn't know any spells.
Your spell library was empty.

Dungeon Overview and Level Annotations

Branches:
Dungeon (5/15)
 Temple: D:4-7

Altars:
Ashenzari
Yredelemnul

Shops:
D:4 (


Innate Abilities, Weirdness & Mutations

You cannot be hasted, slowed, berserked, paralysed or teleported.
You can dig through walls and to a lower floor.
Your four strong arms can wield two-handed weapons with a shield.
You have a pair of large antennae on your head. (SInv)


Message History

The wight hits you with a dire flail!
* * * LOW HITPOINT WARNING * * *
You feel drained.
* * * LOW HITPOINT WARNING * * *
You block the phantom's attack. The phantom barely misses you.
You barely miss the phantom.
The phantom is heavily damaged.
The wight hits you with a dire flail.
* * * LOW HITPOINT WARNING * * *
You block the phantom's attack. You block the wight's attack.
Unknown command.
You sock the phantom!
Your weapon exudes an aura of protection.
The phantom is severely damaged.
The phantom closely misses you. The wight barely misses you.
You sock the phantom!
You destroy the phantom!
Your Maces & Flails skill increases to level 4!
The wight hits you with a dire flail.
You die...

.## ### .. ... .#
#.# ##.# #.# #z.#
#.# #z# #.# #z#
#.######## #z#
.........#######@#
##.#####.........#
#.# ###########
##.# ...# ####


You could see 4 wights.

Vanquished Creatures
  An ice beast (D:5)
  An ogre (D:5)
  2 phantoms (D:5)
  2 centaurs
  A wight (D:5)
  2 orc priests
  4 orc wizards
  2 iguanas
  5 worker ants
  Robin (D:2)
  4 adders
  A shadow imp (D:5)
  An adder zombie (D:4)
  An adder skeleton (D:4)
  2 worms
  2 dart slugs
  6 leopard geckos
  15 orcs
  A ball python (D:3)
  6 bats
  2 giant cockroaches (D:1)
  16 goblins
  13 hobgoblins
  3 jackals (D:2)
  6 kobolds
  2 quokkas
  7 frilled lizards
  A leopard gecko zombie (D:5)
  A quokka skeleton (D:4)
  11 rats
122 creatures vanquished.

Notes
Turn   | Place    | Note
-------+----------+-------------------------------------------
     0 | D:1      | Fascinator the Formicid Fighter began the quest for the
                  | Orb.
     0 | D:1      | Reached XP level 1. HP: 18/18 MP: 1/1
    38 | D:1      | Reached XP level 2. HP: 20/24 MP: 2/2
   387 | D:1      | Reached XP level 3. HP: 29/29 MP: 3/3
   750 | D:2      | Found a basalt altar of Yredelemnul.
   913 | D:2      | Reached skill level 1 in Dodging
  1085 | D:2      | Noticed a centaur
  1095 | D:2      | Killed a centaur
  1095 | D:2      | Reached XP level 4. HP: 25/37 MP: 4/4
  1095 | D:2      | Reached XP level 5. HP: 29/42 MP: 5/5
  1582 | D:2      | Noticed Robin
  1602 | D:2      | Killed Robin
  2121 | D:3      | Reached XP level 6. HP: 25/49 MP: 6/6
  3479 | D:3      | Reached XP level 7. HP: 31/55 MP: 7/7
  3868 | D:4      | Reached skill level 5 in Shields
  3994 | D:4      | Found Zaevvug's Weapon Shoppe.
  4112 | D:4      | Found a shattered altar of Ashenzari.
  4164 | D:4      | Reached skill level 1 in Maces & Flails
  4201 | D:5      | Entered Level 5 of the Dungeon
  4488 | D:5      | Reached skill level 5 in Fighting
  4488 | D:5      | Reached XP level 8. HP: 46/62 MP: 8/8
  4664 | D:5      | Reached skill level 5 in Armour
  4695 | D:5      | HP: 3/62 [wight/dire flail (2)]
  4696 | D:5      | HP: 1/62 [wight/dire flail (2)]
  4698 | D:5      | Slain by a wight

Skill      XL: |  1  2  3  4  5  6  7  8 |
---------------+-------------------------+-----
Shields        | 4 5 |  5.8
Dodging        | 1 2 |  2.7
Fighting       | 4 5 |  5.2
Axes           | 3 4 |  4.4
Armour         | 4 5 |  5.2
Maces & Flails | 2 4 |  4.1
Stealth        | |  0.6

Action                   |  1- 3 |  4- 6 |  7- 9 || total
-------------------------+-------+-------+-------++-------
Melee: War axe           |   143 |   226 |    14 ||   383
       Flail             |       |       |   148 ||   148
 Fire: Shortbow          |       |    16 |       ||    16
  Use: Scroll            |       |     4 |       ||     4
       Potion            |       |     1 |     1 ||     2
  Eat: Chunk             |       |     6 |     3 ||     9
       Ration            |       |     1 |       ||     1
Armor: Scale mail        |    75 |   102 |       ||   177
       Chain mail        |       |    18 |    81 ||    99
Dodge: Dodged            |    62 |    75 |    56 ||   193
Block: Shield            |    79 |   121 |    84 ||   284
